 Dungeon Crawl Stone Soup version 0.30-a0-778-g2ef04afb54 (webtiles) character file.

Game seed: 16848511138372419454

518 greynaab the Skirmisher (level 7, -1/75 HPs)
             Began as a Formicid Hunter on Feb 15, 2023.
             Succumbed to a scorpion's poison
             ... on level 4 of the Dungeon.
             The game lasted 00:10:37 (2795 turns).

greynaab the Skirmisher (Formicid Hunter)           Turns: 2795, Time: 00:10:37

Health: -1/75      AC: 23    Str: 18    XL:     7   Next: 45%
Magic:  18/18      EV:  2    Int:  8    God:
Gold:   146        SH:  0    Dex: 17    Spells: 5/8 levels left

rFire   + . .      SeeInvis .    a - +0 hand crossbow
rCold   + . .      Faith    .    (no shield)
rNeg    . . .      Spirit   .    (body armour currently unavailable)
rPois   +          Reflect  .    (helmet unavailable)
rElec   +          Harm     .    (cloak currently unavailable)
rCorr   +          Rampage  .    (gloves currently unavailable)
Will    .....                    (boots currently unavailable)
Stlth   ++                       (no amulet)
HPRegen 1.12/turn                j - ring of wizardry
MPRegen 0.16/turn                v - ring of magical power

@: lethally poisoned (-1 -> -6), tree-form, resistant, invisible
A: stationary, stasis, torment immunity, boosted hp, permanent stasis, dig
shafts and tunnels, (antennae 3), four strong arms, (hooves 1), regeneration 1,
no potion heal 1
a: no special abilities


You were on level 4 of the Dungeon.
You were a tree.
You visited 1 branch of the dungeon, and saw 4 of its levels.

You collected 146 gold pieces.

Inventory:

Hand Weapons
 a - a +0 hand crossbow (weapon)
 b - a +0 trident
 f - a +0 giant club
Missiles
 p - 10 poisoned darts
Armour
 c - a +0 leather armour (melded)
 q - a +0 cloak (melded)
 w - a +0 pair of gloves (melded)
Jewellery
 e - a +6 ring of intelligence
 j - a ring of wizardry (left branch)
 s - a ring of fire
 v - a ring of magical power (right branch)
Wands
 y - a wand of iceblast (8)
Scrolls
 o - a scroll of magic mapping
 x - 2 scrolls of immolation
Potions
 d - a potion of brilliance
 z - a potion of heal wounds {unknown}


   Skills:
 - Level 2.1 Fighting
 + Level 8.2 Ranged Weapons
 - Level 1.7 Dodging
 - Level 1.2 Stealth
 * Level 1.4 Spellcasting
 + Level 1.1 Hexes


You had 5 spell levels left.
You knew the following spells:

 Your Spells              Type           Power      Damage    Failure   Level
a - Portal Projectile     Hex/Tloc       2%         N/A       32%         3

Your spell library contained the following spells:

 Spells                   Type           Power      Damage    Failure   Level
 Sandblast                Erth           0%         2d4       16%         1
 Passwall                 Tmut/Erth      0%         N/A       22%         2
 Call Canine Familiar     Summ           0%         N/A       41%         3
 Stone Arrow              Conj/Erth      0%         3d7       41%         3
 Leda's Liquefaction      Hex/Erth       0%         N/A       71%         4
 Olgreb's Toxic Radiance  Pois           0%         N/A       80%         4
 Alistair's Intoxication  Tmut/Pois      0%         N/A       98%         5
 Monstrous Menagerie      Summ           0%         N/A       100%        7


Dungeon Overview and Level Annotations

Branches:
Dungeon (4/15) Zot: 21111
 Temple: D:4-7

Altars:
Fedhas
Zin


Innate Abilities, Weirdness & Mutations

You are a tree.
Your roots penetrate the ground, keeping you stationary.
You cannot be teleported.
You are immune to unholy pain and torment.
Your maximum health is greatly increased.
Your equipment is partially melded.
You cannot be hasted, slowed, berserked, paralysed or teleported.
You can dig through walls and to a lower floor.
((You have a pair of large antennae on your head. (SInv)))
Your four strong arms can wield two-handed weapons with a shield.
((You have large cloven feet.))
Your natural rate of healing is unusually fast.
Potions are less effective at restoring your health.


Message History

The scorpion poisons you!
Okay, then.
Unknown command.
Okay, then.
Unknown command.
Okay, then.
It was a potion of haste.
Your stasis prevents you from being hasted.
You feel very sick. The scorpion stings you. x2
* * * LOW HITPOINT WARNING * * *
It was a potion of invisibility.
You fade into invisibility!
* * * LOW HITPOINT WARNING * * *
You feel very sick. The scorpion barely misses you.
It was a potion of lignification.
You turn into a tree.
Your +0 cloak melds into your body.
Your +0 pair of gloves melds into your body.
Your +0 leather armour melds into your body.
Your roots penetrate the ground.
You feel very sick. The scorpion stings you.
* * * LOW HITPOINT WARNING * * *
You are more poisoned.
The scorpion poisons you!
It was a potion of berserk rage.
Your stasis prevents you from going berserk.
* * * LOW HITPOINT WARNING * * *
You feel very sick.
The scorpion stings you but does no damage.
It was a potion of resistance.
You feel protected.
* * * LOW HITPOINT WARNING * * *
You feel very sick.
The scorpion stings you but does no damage.
It was a potion of mutation.
You feel extremely strange.
Your system partially rejects the healing effects of potions.
Your feet thicken and deform.
You begin to heal more quickly.
You die...

#. #. { #. #. #. #.
######.#..#
#s#######......##.#
#.♣.......##### #.#
#.......^.....# #.#
#.≈.≈≈≈.≈≈≈.≈.# #.#
#.≈...≈.≈...≈.# #.#
#.≈≈≈.≈.≈.≈≈≈)###.#
.....≈.≈.≈.≈...).)<.
.##._........._.###.#
# #...≈.≈.≈.≈...# #.#
..≈≈≈.≈.≈.≈≈≈.# #.#


You could see a scorpion (unable to see you).

Vanquished Creatures
  Grinder (D:3)
  An ogre (D:4)
  Terence (D:3)
  Natasha (thrice) (D:2)
  Robin (D:3)
  5 adders
  4 dart slugs
  8 orcs
  3 ball pythons
  4 bats
  3 endoplasms
  2 giant cockroaches
  12 goblins
  7 hobgoblins
  6 jackals (D:2)
  8 kobolds
  5 quokkas
  3 frilled lizards
  2 rats
79 creatures vanquished.

Notes
Turn   | Place    | Note
-------+----------+-------------------------------------------
     0 | D:1      | greynaab the Formicid Hunter began the quest for the Orb.
     0 | D:1      | Reached XP level 1. HP: 16/16 MP: 1/1
    53 | D:1      | Reached XP level 2. HP: 22/22 MP: 2/2
   276 | D:1      | Reached XP level 3. HP: 25/27 MP: 3/3
   669 | D:1      | Reached skill level 5 in Ranged Weapons
   719 | D:2      | Noticed Natasha
   910 | D:2      | Killed Natasha
   911 | D:2      | Reached XP level 4. HP: 24/33 MP: 4/4
  1023 | D:2      | Found a faded altar of an unknown god.
  1029 | D:2      | Noticed Natasha
  1034 | D:2      | Killed Natasha
  1213 | D:2      | Reached XP level 5. HP: 38/38 MP: 5/5
  1217 | D:2      | Reached skill level 6 in Ranged Weapons
  1265 | D:2      | Noticed Natasha
  1270 | D:2      | Killed Natasha
  1831 | D:3      | Noticed Terence
  1833 | D:3      | Killed Terence
  1834 | D:3      | Reached XP level 6. HP: 44/44 MP: 6/6
  2042 | D:3      | Noticed Robin
  2168 | D:3      | Noticed Grinder
  2173 | D:3      | Killed Grinder
  2174 | D:3      | Reached skill level 7 in Ranged Weapons
  2174 | D:3      | Reached XP level 7. HP: 50/50 MP: 7/7
  2424 | D:3      | Killed Robin
  2426 | D:3      | Reached skill level 8 in Ranged Weapons
  2631 | D:3      | Learned a level 3 spell: Portal Projectile
  2732 | D:4      | Found a glowing silver altar of Zin.
  2767 | D:4      | Found a blossoming altar of Fedhas.
  2770 | D:4      | Got the Encyclopedia of Supportive Toxins
  2779 | D:4      | Reached skill level 1 in Spellcasting
  2779 | D:4      | Reached skill level 1 in Hexes
  2795 | D:4      | Gained mutation: Potions are less effective at restoring
                  | your health. [potion of mutation]
  2795 | D:4      | Gained mutation: You have large cloven feet. [potion of
                  | mutation]
  2795 | D:4      | Gained mutation: Your natural rate of healing is unusually
                  | fast. [potion of mutation]
  2795 | D:4      | Succumbed to a scorpion's poison

Illustrated notes

Levels and vault maps discovered:
D:1:      erik_arrival_cave_to_civilisation [erik_arrival_cave_to_hall],
          layout_basic
D:2:      layout_loops_ring, hellmonk_ecumenical_altar_lost_god, uniq_natasha
D:3:      layout_basic, serial_corexii_hall, corexii_hall_statues_u,
          corexii_hall_statues_i, corexii_hall_statues_l,
          corexii_hall_statues_l, chequers_hall_statues_wall_a,
          chequers_hall_statues_wall_a, chequers_serial_rivers_micro_a,
          uniq_robin, uniq_grinder, uniq_terence
D:4:      layout_loops_ring, mainiacjoe_overflow_catch_the_wave,
          mainiacjoe_overflow_large_starburst, minmay_misc_feat_more_columns,
          mrwooster_statue_mirror

Skill      XL: |  1  2  3  4  5  6  7 |
---------------+----------------------+-----
Ranged Weapons | 5 6 7 8 |  8.2
Spellcasting   | 1 |  1.4
Hexes          | 1 |  1.1
Fighting       | |  2.1
Dodging        | |  1.7
Stealth        | |  1.2

Action                     |  1- 3 |  4- 6 |  7- 9 || total
---------------------------+-------+-------+-------++-------
  Melee: Trident           |       |       |     8 ||     8
   Fire: Shortbow          |    79 |       |       ||    79
         Hand crossbow     |       |    84 |    38 ||   122
Ability: Dig               |     2 |       |     1 ||     3
  Evoke: Wand              |       |       |     1 ||     1
    Use: Scroll            |       |       |    10 ||    10
         Potion            |       |       |     6 ||     6
 Armour: Leather armour    |     6 |    12 |     4 ||    22
         Skin              |       |       |     2 ||     2
  Dodge: Dodged            |    20 |    16 |    18 ||    54

Table legend: (Time is in decaauts)
 A = Elapsed time spent in this place.
 B = Non-inter-level travel time spent in this place.
 C = Inter-level travel time spent in this place.
 D = Time resting spent in this place.
 E = Time spent auto-exploring this place.
 F = Levels seen in this place.
 G = Mean time per level.
                   A        B        C        D        E       F      G
               +--------+--------+--------+--------+--------+-----+--------+
         Total |   2889 |   2665 |    224 |     17 |   2094 |   4 |  722.2 |
       Dungeon |   2889 |   2665 |    224 |     17 |   2094 |   4 |  722.2 |
               +--------+--------+--------+--------+--------+-----+--------+

Top non-repeatable levels by time:
     D:3: 1157 daAuts
     D:2: 829 daAuts
     D:1: 828 daAuts
     D:4: 74 daAuts
